 Dungeon Crawl Stone Soup version 0.29.0-13-gc9e81de378 (webtiles) character file.

Game seed: 4921795220186611393

2206 gebbletook2 the Fighter (level 9, -3/75 HPs)
             Began as a Mummy Fighter on Sept 10, 2022.
             Was an Initiate of Gozag.
             Slain by an orc warrior
             ... wielding a +0 flail
              (9 damage)
             ... on level 7 of the Dungeon.
             The game lasted 00:09:32 (8048 turns).

gebbletook2 the Fighter (Mummy Fighter)             Turns: 8048, Time: 00:09:32

Health: -3/75      AC: 12    Str: 23    XL:     9   Next: 12%
Magic:  9/9        EV:  8    Int:  7    God:    Gozag
Gold:   800        SH:  6    Dex: 18    Spells: 8/8 levels left

rFire   + . .      SeeInvis .   a - +2 war axe
rCold   + + .      Faith    .   c - +1 buckler
rNeg    + + +      Spirit   .   w - +0 chain mail
rPois   ∞          Reflect  .   d - +2 helmet
rElec   .          Harm     .   j - scarf {rC+ rF+}
rCorr   .          Rampage  .   (no gloves)
Will    +....                   (no boots)
Stlth   ..........              (no amulet)
HPRegen 0.22/turn               q - +6 ring of dexterity
MPRegen 0.11/turn               o - ring of protection from fire

@: no status effects
A: cold resistance 1, negative energy resistance 3, torment resistance 2, heat
vulnerability 1, in touch with death 1, no potions
a: Renounce Religion, Potion Petition, Call Merchant, Bribe Branch


You were on level 7 of the Dungeon.
You worshipped Gozag.
Gozag was pleased with you.
You visited 2 branches of the dungeon, and saw 8 of its levels.
You also visited: Ossuary.

You collected 835 gold pieces.
You paid 35 gold pieces to Gozag.

Inventory:

Hand Weapons
 a - a +2 war axe (weapon)
 r - a +1 mace of protection
Missiles
 f - 6 poisoned darts (quivered)
 p - 4 boomerangs
Armour
 c - a +1 buckler (worn)
 d - a +2 helmet (worn)
 j - a scarf of resistance (worn)
 w - a +0 chain mail (worn)
Jewellery
 h - a ring of flight
 o - a ring of protection from fire (right hand)
 q - a +6 ring of dexterity (left hand)
 t - a ring of see invisible
Wands
 s - a wand of flame (12)
 u - a wand of light (6)
Scrolls
 e - 4 scrolls of immolation
 g - a scroll of identify
 i - 3 scrolls of poison
 k - 2 scrolls of summoning
 l - 3 scrolls of teleportation
 m - 2 scrolls of fear
 n - a scroll of butterflies
 v - a scroll of blinking


   Skills:
 * Level 8.5 Fighting
 + Level 5.2 Axes
 * Level 2.8 Throwing
 + Level 3.0 Armour
 * Level 2.6 Dodging
 + Level 2.5 Shields
 * Level 2.8 Evocations


You had 8 spell levels left.
You didn't know any spells.
Your spell library contained the following spells:

 Spells                   Type           Power      Damage    Failure   Level
 Apportation              Tloc           0%         N/A       99%         1
 Foxfire                  Conj/Fire      0%         2x1d4     99%         1
 Conjure Flame            Conj/Fire      0%         6-21      100%        3
 Inner Flame              Hex/Fire       0%         N/A       100%        3
 Dispel Undead            Necr           0%         3d6       100%        4
 Flame Wave               Conj/Fire      0%         2d4       100%        4
 Alistair's Intoxication  Tmut/Pois      0%         N/A       100%        5
 Death Channel            Necr           0%         N/A       100%        6
 Corpse Rot               Necr/Pois/Air  Unusable   N/A       N/A         4

Dungeon Overview and Level Annotations

Branches:
Dungeon (7/15)             Temple (1/1) D:4         Ossuary (visited)

Altars:
Ashenzari
Fedhas
Gozag
Hepliaklqana
Kikubaaqudgha
Makhleb
Okawaru
Qazlal
Ru
Sif Muna
Trog
Uskayaw
Vehumet
Wu Jian
Xom

Shops:
D:4 =   D:5 (

Annotations:
D:7 2 transporters, CertainDeath's ghost, novice TrTm
Temple 2 transporters


Innate Abilities, Weirdness & Mutations

You are immune to poison.
Your flesh is cold resistant. (rC+)
You are immune to negative energy. (rN+++)
You are immune to unholy pain and torment.
You are vulnerable to heat. (rF-)
You are in touch with the powers of death.
You do not drink.


Message History

The orc warrior is heavily wounded.
The orc warrior hits you with a +0 flail!
You hit the orc warrior.
The orc warrior is severely wounded.
The orc warrior barely misses you. You block the orc warrior's attack.
You hit the orc warrior but do no damage.
The orc warrior is severely wounded.
The orc warrior barely misses you.
You hit the orc warrior but do no damage.
The orc warrior is severely wounded.
The orc warrior hits you with a +0 flail.
* * * LOW HITPOINT WARNING * * *
You hit the orc warrior but do no damage.
The orc warrior is severely wounded.
The orc warrior hits you but does no damage.
The orc warrior hits you with a +0 flail.
* * * LOW HITPOINT WARNING * * *
You hit the orc warrior but do no damage.
The orc warrior is severely wounded.
The orc warrior hits you with a +0 flail!
* * * LOW HITPOINT WARNING * * *
You hit the orc warrior but do no damage.
The orc warrior is severely wounded.
You block the orc warrior's attack.
You hit the orc warrior.
The orc warrior is severely wounded.
The orc warrior hits you with a +0 flail.
* * * LOW HITPOINT WARNING * * *
Unknown command.
You don't have any such object.
Evoke which item? (* to show all) (? for menu, Esc to quit)
Aiming: Bolt of Light
Press: ? - help, Shift-Dir - straight line, f - orc warrior
Aim: an orc warrior, wielding a +0 flail and wearing a +0 plate armour (severely wounded, 74% to hit)
The bolt of light hits the orc warrior.
The orc warrior is almost dead.
The orc warrior is blinded.
The orc warrior hits you with a +0 flail!
You die...
Your body crumbles into a pile of gold.

#.### ####..##
..##...# ...#...#####
...#..#..<.## ##
...#.#......#### ..
...##..........## .#
..####.........$##..#
..# #.....#..#o@$.#
..# ##......####$#.#
..###......## #....#
#..........## ..##..#
#...........# .## ..#
#..............# #..
#.............. .
............#..
.........####


You could see an orc warrior (blind).

Vanquished Creatures
  A hornet (D:5)
  Eustachio (D:6)
  3 black bears
  An ice beast (D:6)
  An ogre (D:6)
  A centaur (D:5)
  2 elf zombies (Ossuary)
  A bullfrog (D:6)
  2 necrophages (D:6)
  A scorpion (D:5)
  A howler monkey (D:5)
  A centaur zombie (Ossuary)
  A hound (D:5)
  A jelly (D:5)
  5 orc priests
  4 iguanas
  10 orc wizards
  2 mummies (Ossuary)
  11 gnolls
  4 adders
  2 shadow imps (D:6)
  2 ufetubi
  A worm (D:4)
  4 dart slugs
  24 orcs
  2 endoplasms
  4 giant cockroaches
  6 goblins
  10 hobgoblins
  6 jackals (D:1)
  8 kobolds
  3 quokkas
  5 ball pythons
  3 bats
  2 frilled lizards
  A goblin zombie (Ossuary)
  5 hobgoblin zombies (Ossuary)
  3 jackal zombies (Ossuary)
  13 kobold zombies (Ossuary)
  9 orc zombies (Ossuary)
  2 rats
  3 rat zombies (Ossuary)
172 creatures vanquished.

Vanquished Creatures (others)
  A plant (D:6)
1 creature vanquished.

Grand Total: 173 creatures vanquished

Notes
Turn   | Place    | Note
-------+----------+-------------------------------------------
     0 | D:1      | gebbletook2 the Mummy Fighter began the quest for the Orb.
     0 | D:1      | Reached XP level 1. HP: 18/18 MP: 1/1
    31 | D:1      | Reached XP level 2. HP: 18/24 MP: 2/2
   549 | D:1      | Reached skill level 4 in Fighting
   549 | D:1      | Gained mutation: You are in touch with the powers of death.
                  | [Mummy growth]
   549 | D:1      | Reached XP level 3. HP: 17/30 MP: 3/3
  1881 | D:3      | Found a faded altar of an unknown god.
  2638 | D:2      | Reached skill level 5 in Fighting
  2638 | D:2      | Reached XP level 4. HP: 26/39 MP: 4/4
  3151 | D:3      | Reached XP level 5. HP: 46/46 MP: 5/5
  3243 | D:3      | Noticed a black bear
  3254 | D:3      | Killed a black bear
  3255 | D:3      | Reached skill level 6 in Fighting
  3916 | D:4      | Reached XP level 6. HP: 53/53 MP: 6/6
  4114 | D:4      | Found Cick's Jewellery Boutique.
  4160 | D:4      | Reached skill level 7 in Fighting
  4324 | D:4      | Found a staircase to the Ecumenical Temple.
  4333 | Temple   | Entered the Ecumenical Temple
  4333 | Temple   | Found a transporter.
  4333 | Temple   | Found a transporter.
  4335 | Temple   | Found a transporter.
  4335 | Temple   | Found a transporter.
  4353 | Temple   | Became a worshipper of Gozag Ym Sagoz the Greedy
  4842 | D:5      | Entered Level 5 of the Dungeon
  4989 | D:5      | Reached skill level 1 in Evocations
  4997 | D:5      | Noticed a hornet
  5010 | D:5      | Killed a hornet
  5011 | D:5      | Reached skill level 1 in Throwing
  5011 | D:5      | Reached skill level 1 in Dodging
  5011 | D:5      | Reached XP level 7. HP: 5/60 MP: 7/7
  5057 | D:5      | HP: 1/60 [acid (7)]
  5136 | D:5      | Found Liremp's Weapon Shop.
  5263 | D:5      | Found a sand-covered staircase.
  5269 | Ossuary  | Entered an ossuary
  5707 | Ossuary  | Reached XP level 8. HP: 54/68 MP: 8/8
  6497 | D:5      | Reached skill level 8 in Fighting
  6814 | D:6      | Noticed Eustachio
  6842 | D:6      | Killed Eustachio
  7385 | D:6      | Reached skill level 5 in Axes
  7415 | D:6      | Reached XP level 9. HP: 75/75 MP: 9/9
  7828 | D:7      | Noticed a troll
  7830 | D:7      | Noticed CertainDeath's ghost (novice TrTm)
  7838 | D:7      | Found a transporter.
  7844 | D:7      | Found a transporter.
  8048 | D:7      | Slain by an orc warrior

Illustrated notes

Levels and vault maps discovered:
D:1:      ncdulo_watergridlock, layout_basic, minmay_tetromino_t2
D:2:      layout_loops_ring
D:3:      layout_basic, nicolae_ecumenical_lake_church, roderic_serpentine_path,
          minivault_5
D:4:      layout_basic, minmay_temple_entry_sparse_star, serial_shops,
          shop_statue, nicolae_titane
D:5:      layout_gridville, lightli_ossuary_entry_decrepit_ruins, serial_shops,
          kennysheep_little_box
D:6:      layout_gridville, corexii_shack, minmay_misc_feat_nine_boxes,
          uniq_eustachio
D:7:      hellmonk_destroyed_diamonds, layout_layer_cave,
          gammafunk_ghost_wrathful_warriors, serial_shops, shop, uniq_menkaure
Temple:   hellmonk_temple_divided_pantheon

Skill      XL: |  1  2  3  4  5  6  7  8  9 |
---------------+----------------------------+-----
Fighting       | 4 5 6 7 8 |  8.5
Axes           | 2 3 5 |  5.2
Evocations     | 1 2 |  2.8
Throwing       | 1 2 |  2.8
Dodging        | 1 2 |  2.6
Armour         | 3 |  3.0
Shields        | |  2.5

Action                   |  1- 3 |  4- 6 |  7- 9 || total
-------------------------+-------+-------+-------++-------
Melee: War axe           |   108 |   135 |   295 ||   538
Throw: Dart              |     4 |       |     4 ||     8
Evoke: Wand              |       |     2 |     2 ||     4
  Use: Scroll            |     5 |     7 |     2 ||    14
 Stab: Distracted        |       |       |     3 ||     3
Armor: Scale mail        |    66 |    89 |   129 ||   284
       Chain mail        |       |       |    16 ||    16
Dodge: Dodged            |    60 |    70 |   110 ||   240
Block: Buckler           |    28 |    37 |    61 ||   126
